AoeStats
← Chaac1706

Arabia

509353643Analyzed
1v1 RM · 7d ago on Sep 26, 2026· 43m 16s· 2 players
Game mode
Random Map
Map size
Tiny (2 player)
Population
200
Speed
Normal
Resources
Standard
Victory
Conquest
Starting age
Dark Age
Ending age
Imperial Age
RankedLock teamsTeams togetherTeam positionsShared explorationLock speedFull tech treeHidden civsTurbo modeCheats
Victory
Defeat
🇧🇷 Poles · Brazil
1167
+14
🇨🇴 Muisca · Colombia
1126
-14
gussarantes
7:31 Loom
9:37 Feudal Age
10:34 Double-Bit Axe
16:11 Forging
17:45 Wheelbarrow
21:33 Castle Age
19:26 Gold Mining
19:22 Horse Collar
22:00 Bloodlines
22:09 Scale Barding Armor
22:28 Bow Saw
23:09 Chain Barding Armor
22:52 Husbandry
23:56 Iron Casting
28:01 Stone Mining
29:47 Town Watch
31:03 Hand Cart
33:34 Stone Shaft Mining
33:02 Heavy Plow
39:28 Imperial Age
39:32 Szlachta Privileges
40:00 Ballistics
39:35 Murder Holes
39:36 Cavalier
41:20 Blast Furnace
40:11 Fletching
41:25 Chemistry
40:31 Siege Engineers
40:50 Conscription
Chaac1706
3:01 Loom
9:34 Feudal Age
10:03 Double-Bit Axe
10:01 Horse Collar
10:35 Champi Runner
13:15 Scale Mail Armor
14:59 Town Watch
16:41 Wheelbarrow
22:31 Castle Age
20:40 Fletching
21:32 Padded Archer Armor
21:40 Gold Mining
23:22 Bodkin Arrow
23:04 Crossbowman
24:46 Leather Archer Armor
28:07 Bow Saw
30:03 Sanctity
29:54 Fervor
30:06 Heavy Plow
31:56 Guard Tower
32:30 Ballistics
33:21 Hand Cart
36:50 Imperial Age
35:40 Thumb Ring
35:47 Town Patrol
37:09 Stone Mining
37:43 Arbalester
38:41 Bracer
39:48 Chemistry
Connection lost

Rejoining the realm…

Still unreachable

The connection could not be restored.

Session expired

The server has moved on; the page needs a fresh start.